 Dungeon Crawl Stone Soup version 0.30-a0-279-g4b46babb21 (webtiles) character file.

Game seed: 591497685300097377

15989 Harunobu the Fighter (level 12, -13/116 HPs)
             Began as a Minotaur Monk on Oct 15, 2022.
             Was a Priest of the Shining One.
             Killed from afar by a crystal guardian (59 damage)
             ... with a crystal bolt
             ... on level 12 of the Dungeon on Oct 16, 2022.
             The game lasted 00:24:40 (13953 turns).

Harunobu the Fighter (Minotaur Monk)               Turns: 13953, Time: 00:24:40

Health: -13/116    AC: 16    Str: 27    XL:     12   Next: 6%
Magic:  11/11      EV: 21    Int:  7    God:    the Shining One [***...]
Gold:   825        SH:  0    Dex: 13    Spells: 11/11 levels left

rFire   . . .      SeeInvis .    z - +4 battleaxe (freeze)
rCold   . . .      Faith    .    (shield currently unavailable)
rNeg    + . .      Spirit   .    L - +2 acid dragon scales
rPois   .          Reflect  .    (helmet restricted)
rElec   .          Harm     .    I - +2 cloak {rCorr}
rCorr   +          Rampage  .    (no gloves)
Will    .....                    u - +0 pair of boots
Stlth   ++........               n - amulet "Cilujira" {Acrobat Str+6 Stlth+}
HPRegen 0.39/turn                j - +4 ring of evasion
MPRegen 0.12/turn                b - +4 ring of protection

@: glowing
A: horns 2, retaliatory headbutt
a: Renounce Religion, Divine Shield, Cleansing Flame


You were on level 12 of the Dungeon.
You worshipped the Shining One.
The Shining One was most pleased with you.
You visited 2 branches of the dungeon, and saw 13 of its levels.
You also visited: Sewer.

You collected 825 gold pieces.

Inventory:

Hand Weapons
 s - a +3 scythe of protection
 z - a +4 battleaxe of freezing (weapon)
 C - a +3 halberd of freezing
Armour
 k - a +1 cloak of willpower
 u - a +0 pair of boots (worn)
 I - a +2 cloak of preservation (worn)
 K - an orb of wrath
 L - +2 acid dragon scales (worn)
Jewellery
 b - a +4 ring of protection (right hand)
 d - a ring of positive energy
 h - an amulet of regeneration
 j - a +4 ring of evasion (left hand)
 n - the amulet "Cilujira" (around neck) {Acrobat Str+6 Stlth+}
   (You found it on level 9 of the Dungeon)

   [amulet of the acrobat]

   It increases your evasion while moving and waiting.
   Str:       It affects your strength (+6).
   Stlth:     It makes you more stealthy.
 x - an amulet of guardian spirit
 O - a ring of poison resistance
Wands
 E - a wand of polymorph (8)
 G - a wand of iceblast (18)
Scrolls
 f - 4 scrolls of magic mapping
 m - 2 scrolls of torment {unknown}
 o - 5 scrolls of identify
 r - 2 scrolls of summoning
 t - a scroll of blinking {unknown}
 w - 3 scrolls of acquirement {unknown}
 y - a scroll of poison {unknown}
 A - 3 scrolls of teleportation
 D - 2 scrolls of fear {unknown}
 H - 6 scrolls of immolation
 M - a scroll of enchant weapon {unknown}
 P - a scroll of butterflies {unknown}
 Q - a scroll of noise {unknown}
Potions
 a - 4 potions of lignification
 c - 5 potions of ambrosia
 e - 7 potions of flight
 g - 4 potions of mutation {unknown}
 i - 6 potions of brilliance
 l - 3 potions of heal wounds
 p - 3 potions of curing
 q - 4 potions of magic
 v - 2 potions of might {unknown}
 B - 2 potions of berserk rage
 F - a potion of haste {unknown}
 N - a potion of invisibility {unknown}
 R - a potion of attraction {unknown}
Miscellaneous
 J - a lightning rod (4/4)


   Skills:
 + Level 13.9 Fighting
 - Level 4.2 Maces & Flails
 + Level 12.9 Dodging
 + Level 10.7 Stealth


You had 11 spell levels left.
You didn't know any spells.
Your spell library contained the following spells:

 Spells                   Type           Power      Damage    Failure   Level
 Blink                    Tloc           0%         N/A       65%         2
 Momentum Strike          Conj/Tloc      0%         3d8       65%         2
 Lesser Beckoning         Tloc           0%         N/A       86%         3
 Vhi's Electric Charge    Tloc/Air       0%         N/A       86%         3
 Arcjolt                  Conj/Air       0%         1d10      100%        5
 Maxwell's Capacitive Co  Air            0%         ∞         100%        8


Dungeon Overview and Level Annotations

Branches:
Dungeon (12/15)            Temple (1/1) D:6            Lair (0/5) D:10
    Orc (0/2) D:10          Sewer (visited)

Altars:
Ashenzari
Cheibriados
Dithmenos
Elyvilon
Fedhas
Gozag
Kikubaaqudgha
Makhleb
Nemelex Xobeh
Okawaru
Qazlal
Ru
Sif Muna
Uskayaw
Vehumet
Wu Jian
Xom
Yredelemnul
Zin
The Shining One

Shops:
D:7 *((=

Annotations:
D:3 2 transporters, Dwachs's ghost, amateur OpSu
D:4 2 runed translucent doors


Innate Abilities, Weirdness & Mutations

You have a pair of horns on your head.
You reflexively headbutt those who attack you in melee.


Message History

The orange crystal statue resists.
You feel much better. The boulder beetle misses you. You furiously retaliate!
You headbutt the boulder beetle.
The crystal guardian hits you but does no damage.
The deep elf pyromancer closely misses you.
The crystal guardian closely misses you.
The slime creature misses you.
You completely miss the orange crystal statue.
You headbutt the orange crystal statue, but do no damage.
The orange crystal statue is almost destroyed.
You slash the crystal guardian! You slash the deep elf pyromancer!
You freeze the deep elf pyromancer.
You hit the boulder beetle but do no damage.
You slash the slime creature! You freeze the slime creature.
You hit the crystal guardian but do no damage.
The boulder beetle completely misses you.
The crystal guardian hits you but does no damage.
The crystal guardian closely misses you.
You furiously retaliate!
You headbutt the crystal guardian. The slime creature misses you.
You furiously retaliate!
You headbutt the slime creature.
The deep elf pyromancer completely misses you.
The boulder beetle bites you!
You slash the orange crystal statue!
You destroy the orange crystal statue!
You feel better.
The boulder beetle dissolves into shadows!
You hit the slime creature. You freeze the slime creature.
You hit the crystal guardian.
You hit the crystal guardian but do no damage.
You slash the deep elf pyromancer! You freeze the deep elf pyromancer.
You kill the deep elf pyromancer!
The crystal guardian fires a crystalline bolt at you.
The crystal bolt misses you.
The crystal guardian closely misses you.
The slime creature hits you.
The crystal guardian fires a crystalline bolt at you.
The crystal bolt burns you!!!
Ouch! That really hurt!
You die...

#........................##
#........................##
#...~~~~~~~~~~~~~..........
#...~#####~#####~........##
#...~#####'#####~.......##
##.#~#...[.....#~#.....##
#.#~#.$...)/..#~#.#####
#..~#/!..9.)..#~#.#
###~#..$$@9...#~#.#
#~#...J.).?.#~#.#
#~#$[$..(.$$#~#.#
#~#..$..".$:#~#.#
#~#.......!.#~#.#
#~#..[....[.#~#.#
#~###########~..#
#~~~~~~~~~~~~~..#
###............##


You could see 2 crystal guardians and a slime creature.

Vanquished Creatures
  The ghost of foxfromabyss the Basher, a journeyman OgGl (D:9)
  3 two-headed ogres
  An orc knight (D:9)
  An orange crystal statue (D:12)
  2 cyclopes
  A deep elf pyromancer (D:12)
  An ugly thing (D:12)
  4 manticores
  Maurice (D:8)
  Joseph (D:7)
  A gargoyle (D:12)
  Maggie (D:8)
  A kobold demonologist (D:11)
  An unseen horror (D:11)
  3 trolls
  Sigmund (D:3)
  4 shadows
  3 wyverns
  14 yaks
  2 steam dragons
  5 vampire mosquitoes
  A basilisk (D:12)
  Menkaure (D:4)
  3 acid dragons
  Pargi (Sewer)
  An orc warrior (D:8)
  An ice beast (D:6)
  4 black bears (D:5)
  5 centaurs
  2 ogres
  A kobold brigand (D:7)
  A phantom (D:5)
  A gnoll sergeant (D:10)
  2 scorpions
  12 wights
  8 killer bees
  7 howler monkeys
  3 hounds
  3 jellies
  An orc priest (D:8)
  3 iguanas
  6 orc wizards
  Natasha (thrice) (D:3)
  A hound zombie (D:3)
  3 gnolls (D:8)
  7 adders
  4 white imps (D:7)
  3 ufetubi
  3 worms
  2 dart slugs (D:1)
  48 orcs
  15 ball pythons
  5 endoplasms
  3 giant cockroaches (D:1)
  8 goblins
  7 hobgoblins
  5 jackals
  7 kobolds
  2 quokkas
  3 ball python skeletons (D:3)
  7 bats
  2 frilled lizards (D:1)
  A giant cockroach zombie (D:3)
  A quokka skeleton (D:3)
  12 rats
271 creatures vanquished.

Vanquished Creatures (collateral kills)
  A wight (D:8)
1 creature vanquished.

Vanquished Creatures (others)
  2 withered plants (D:3)
2 creatures vanquished.

Grand Total: 274 creatures vanquished

Notes
Turn   | Place    | Note
-------+----------+-------------------------------------------
     0 | D:1      | Harunobu the Minotaur Monk began the quest for the Orb.
     0 | D:1      | Reached XP level 1. HP: 19/19 MP: 0/0
   305 | D:1      | Reached XP level 2. HP: 26/27 MP: 1/1
   578 | D:1      | Reached skill level 4 in Fighting
   786 | D:1      | Reached XP level 3. HP: 25/33 MP: 2/2
  1204 | D:1      | Found a faded altar of an unknown god.
  2137 | D:2      | Reached XP level 4. HP: 40/41 MP: 3/3
  2452 | D:3      | Found a sparkling altar of Nemelex Xobeh.
  2527 | D:3      | Found a transporter.
  2717 | D:3      | Found a transporter.
  2725 | D:3      | Noticed Dwachs's ghost (amateur OpSu)
  2781 | D:3      | Noticed Sigmund
  2795 | D:3      | Killed Sigmund
  2796 | D:3      | Reached skill level 5 in Fighting
  2796 | D:3      | Reached XP level 5. HP: 27/48 MP: 4/4
  2796 | D:3      | Reached XP level 6. HP: 32/56 MP: 5/5
  2968 | D:3      | Noticed Natasha
  2977 | D:3      | Killed Natasha
  2978 | D:3      | Reached skill level 5 in Dodging
  3028 | D:3      | Noticed Natasha
  3032 | D:3      | Killed Natasha
  3132 | D:3      | Noticed Natasha
  3148 | D:3      | Killed Natasha
  3288 | D:4      | Found a large runed translucent door.
  3289 | D:4      | Found a large runed translucent door.
  3432 | D:4      | Reached skill level 6 in Fighting
  3469 | D:4      | Noticed Menkaure
  3479 | D:4      | Killed Menkaure
  3480 | D:4      | Reached XP level 7. HP: 23/64 MP: 6/6
  3780 | D:4      | Found an ornate altar of the Wu Jian Council.
  4493 | D:5      | Entered Level 5 of the Dungeon
  4517 | D:5      | Found a hide-covered altar of Uskayaw.
  4517 | D:5      | Noticed a +0 dagger
  4517 | D:5      | Noticed a +0 dagger
  4518 | D:5      | Noticed a +0 falchion
  4519 | D:5      | Noticed a +0 short sword
  4519 | D:5      | Noticed a +0 short sword
  4519 | D:5      | Noticed a +0 falchion
  4520 | D:5      | Noticed a +0 spear
  4520 | D:5      | Noticed a +0 spear
  4679 | D:5      | Reached skill level 7 in Fighting
  4721 | D:5      | Reached skill level 5 in Stealth
  4721 | D:5      | Reached XP level 8. HP: 73/73 MP: 7/7
  4999 | D:5      | Found a glowing drain.
  5028 | Sewer    | Entered a sewer
  5048 | Sewer    | Noticed Pargi
  5054 | Sewer    | Killed Pargi
  5055 | Sewer    | Reached skill level 8 in Fighting
  5483 | D:6      | Found a staircase to the Ecumenical Temple.
  5496 | Temple   | Entered the Ecumenical Temple
  6037 | D:6      | You fall into a shaft and drop 2 floors!
  6062 | D:8      | Reached XP level 9. HP: 82/82 MP: 8/8
  6065 | D:8      | Noticed Maggie
  6214 | D:7      | Found a sacrificial altar of Ru.
  6294 | D:7      | Noticed Joseph
  6308 | D:7      | Killed Joseph
  6309 | D:7      | Reached skill level 9 in Fighting
  6795 | D:7      | Found Buubiut's Weapon Shoppe.
  6797 | D:7      | Found Ahyumid's General Store.
  6798 | D:7      | Found Gogut's Jewellery Shoppe.
  6799 | D:7      | Found Enwit's Antique Weapon Shoppe.
  7240 | D:8      | Found a shimmering altar of Xom.
  7250 | D:8      | Noticed Maurice
  7263 | D:8      | Killed Maurice
  7417 | D:8      | Reached skill level 10 in Fighting
  7543 | D:8      | Killed Maggie
  7906 | D:8      | Found a stormy altar of Qazlal.
  7917 | D:8      | Reached XP level 10. HP: 91/94 MP: 7/9
  8094 | D:8      | Reached skill level 10 in Dodging
  8490 | D:9      | Reached skill level 11 in Fighting
  8515 | D:9      | Found a glowing golden altar of the Shining One.
  8618 | D:9      | Became a worshipper of the Shining One
  8618 | D:9      | Reached * piety under the Shining One
  8618 | D:9      | Reached ** piety under the Shining One
  8670 | D:9      | Identified the amulet "Cilujira" {Acrobat Str+6 Stlth+}
  8715 | D:9      | Found a runed translucent door.
  8720 | D:9      | Noticed an orc knight
  8753 | D:9      | Noticed foxfromabyss's ghost (journeyman OgGl)
  8777 | D:9      | Noticed a two-headed ogre
  8784 | D:9      | Killed a two-headed ogre
  8930 | D:9      | Found a blossoming altar of Fedhas.
  9022 | D:9      | Noticed a two-headed ogre
  9035 | D:9      | Killed a two-headed ogre
  9685 | D:9      | Killed foxfromabyss's ghost
  9686 | D:9      | Reached skill level 12 in Fighting
  9696 | D:9      | Killed an orc knight
  9912 | D:10     | Entered Level 10 of the Dungeon
  9927 | D:10     | Noticed a two-headed ogre
  9934 | D:10     | Killed a two-headed ogre
  9935 | D:10     | Reached XP level 11. HP: 81/104 MP: 10/10
 10497 | D:10     | Found a staircase to the Lair.
 10956 | D:10     | Found a white marble altar of Elyvilon.
 11106 | D:10     | Found a snail-covered altar of Cheibriados.
 11324 | D:10     | Found an iron altar of Okawaru.
 11456 | D:10     | Found a staircase to the Orcish Mines.
 11754 | D:10     | Found a shimmering blue altar of Sif Muna.
 11828 | D:11     | Reached skill level 13 in Fighting
 12027 | D:11     | Reached skill level 10 in Stealth
 12927 | D:11     | Reached *** piety under the Shining One
 13381 | D:12     | Found a runed translucent door.
 13441 | D:12     | Noticed an orange crystal statue
 13523 | D:12     | Noticed a green ugly thing
 13534 | D:12     | Killed a green ugly thing
 13538 | D:12     | Reached XP level 12. HP: 110/116 MP: 11/11
 13942 | D:12     | Noticed a crystal guardian
 13942 | D:12     | Noticed a crystal guardian
 13943 | D:12     | Noticed a boulder beetle
 13953 | D:12     | Killed from afar by a crystal guardian

Illustrated notes

Levels and vault maps discovered:
D:1:      minmay_arrival_solitary_statue, layout_basic,
          hellmonk_ecumenical_altar_defaced_shrine
D:2:      layout_loops_ring, serial_co_window_serial, co_window_paths_a,
          co_window_paths_a, co_window_paths_a, co_window_of_opportunity_a,
          co_window_paths_a, co_window_paths_a, co_window_corner_a,
          co_window_paths_c, co_window_broadway_a, co_window_2corner,
          co_window_unsneaky_path_c, co_window_unsneaky_path_e, glass_columns_b,
          glass_columns_b, glass_columns_a, glass_columns_b, glass_columns_a
D:3:      layout_loops_ring, nemelex_xobeh_ov_fountains_minmay,
          gammafunk_ghost_stat_death, serial_undead, serial_undead_c,
          serial_undead_a, serial_undead_e, serial_undead_a, serial_undead_f,
          serial_undead_d, serial_undead_e, uniq_natasha, uniq_sigmund
D:4:      layout_basic, nzn_wu_jian_contemplation, jmf_multi_god_temple2,
          uniq_menkaure
D:5:      layout_basic, nicolae_uskayaw_en_pointe, portal_sewer_entry_c
D:6:      layout_basic, minmay_temple_entry_ruins, serial_corexii_hall,
          corexii_hall_statues_i, chequers_hall_statues_corner_a,
          chequers_hall_statues_wall_a
D:7:      layout_loops_ring, mainiacjoe_overflow_six_doors_small,
          minmay_shop_grid_forest, uniq_joseph
D:8:      layout_loops_ring, mainiacjoe_overflow_24_doors,
          nicolae_qazlal_eye_of_the_storm, special_room [special_room_orc],
          uniq_maurice, uniq_maggie
D:9:      layout_cave_pods, kennysheep_mini, fedhas_bush_and_centaur_altar,
          ebering_ghost_inner_flame
D:10:     layout_stronghold, lemuel_round_altar, led_sif_book,
          kennysheep_mini_moat, mainiacjoe_overflow_alcove_4, lair_entry_dummy,
          orc_0_dummy, minmay_increasing_density
D:11:     layout_cave_pools, minmay_misc_feat_x, hangedman_decor_opposing,
          eino_small_chamber_without_monster, minmay_rotating_lava
D:12:     layout_rooms, minmay_crystal_box
Temple:   nicolae_temple_colour_theory

Skill      XL: |  1  2  3  4  5  6  7  8  9 10 11 |
---------------+----------------------------------+-----
Fighting       | 4 5 6 7 8 10 12 13 | 13.9
Maces & Flails | 4 |  4.2
Stealth        | 2 3 4 5 6 7 9 10 | 10.7
Dodging        | 4 5 6 8 9 11 12 | 12.9

Action                   |  1- 3 |  4- 6 |  7- 9 | 10-12 || total
-------------------------+-------+-------+-------+-------++-------
Melee: Mace              |    84 |    67 |       |       ||   151
       Headbutt          |    12 |    20 |    44 |    50 ||   126
       Punch             |     1 |       |       |       ||     1
       Halberd           |       |    54 |   196 |       ||   250
       Battleaxe         |       |       |     5 |   210 ||   215
  Use: Scroll            |       |       |     3 |     4 ||     7
       Potion            |       |       |     1 |     2 ||     3
 Stab: Sleeping          |     1 |       |       |     1 ||     2
Armor: Robe              |     7 |       |       |       ||     7
       Chain mail        |    18 |    68 |   192 |       ||   278
       Steam dragon scal |       |       |     9 |       ||     9
       Acid dragon scale |       |       |       |   120 ||   120
Dodge: Dodged            |    60 |    72 |   159 |   346 ||   637

Table legend: (Time is in decaauts)
 A = Elapsed time spent in this place.
 B = Non-inter-level travel time spent in this place.
 C = Inter-level travel time spent in this place.
 D = Time resting spent in this place.
 E = Time spent auto-exploring this place.
 F = Levels seen in this place.
 G = Mean time per level.
                   A        B        C        D        E       F      G
               +--------+--------+--------+--------+--------+-----+--------+
         Total |  14241 |  13947 |    294 |   4409 |   6756 |  14 | 1017.2 |
       Dungeon |  14092 |  13803 |    289 |   4409 |   6678 |  12 | 1174.3 |
        Temple |     77 |     72 |      5 |      0 |     57 |   1 |   77.0 |
         Sewer |     70 |     70 |      0 |      0 |     21 |   1 |   70.0 |
               +--------+--------+--------+--------+--------+-----+--------+

Top non-repeatable levels by time:
    D:10: 1921 daAuts
    D:11: 1484 daAuts
     D:9: 1478 daAuts
     D:8: 1476 daAuts
     D:1: 1248 daAuts
     D:4: 1233 daAuts
     D:2: 1221 daAuts
     D:6: 957 daAuts
     D:3: 853 daAuts
     D:5: 823 daAuts
    D:12: 709 daAuts
     D:7: 684 daAuts
  Temple: 77 daAuts
   Sewer: 70 daAuts
